 Dungeon Crawl Stone Soup version 0.21.1-1-g345015f (webtiles) character file.

418 nicolaieve the Chopper (level 6, -3/55 HPs)
             Began as a Minotaur Berserker on July 12, 2018.
             Was a Priest of Trog.
             Slain by Crazy Yiuf
             ... wielding a +2 quarterstaff of chaos
              (12 damage)
             ... on level 4 of the Dungeon.
             The game lasted 00:11:35 (2493 turns).

nicolaieve the Chopper (Minotaur Berserker)         Turns: 2493, Time: 00:11:37

Health: -3/55      AC: 10    Str: 23    XL:     6   Next: 61%
Magic:  5/5        EV:  9    Int:  4    God:    Trog [***...]
Gold:   122        SH:  0    Dex: 10    Spells: 5/5 levels left

rFire    . . .     SeeInvis .   a - +0 hand axe
rCold    . . .     Gourm    .   (no shield)
rNeg     . . .     Faith    .   q - +0 chain mail
rPois    .         Spirit   .   (helmet restricted)
rElec    .         Reflect  .   (no cloak)
rCorr    .         Harm     .   (no gloves)
MR       ++...                  k - +0 pair of boots
Stlth    ..........             (no amulet)
HPRegen  1.18/turn              t - ring of loudness (curse)
MPRegen  0.09/turn              (no ring)

@: lethally poisoned (-3 -> -4), regenerating
A: retaliatory headbutt, horns 2
a: Berserk, Trog's Hand, Burn Spellbooks, Renounce Religion


You were on level 4 of the Dungeon.
You worshipped Trog.
Trog was most pleased with you.
You were not hungry.

You visited 1 branch of the dungeon, and saw 4 of its levels.

You collected 122 gold pieces.

Inventory:

Hand Weapons
 a - a +0 hand axe (weapon)
Armour
 k - a +0 pair of boots (worn)
 q - a +0 chain mail (worn)
Jewellery
 t - a cursed ring of loudness (left hand)
Scrolls
 l - a scroll of enchant weapon {unknown}
 n - a scroll of fog {unknown}
 p - 4 scrolls of remove curse
 r - 2 scrolls of immolation {unknown}
 s - 2 scrolls of magic mapping {unknown}
 u - 2 scrolls of fear {unknown}
 v - a scroll of identify
Potions
 b - 2 potions of haste {unknown}
 d - a potion of degeneration {unknown}
 e - a potion of brilliance
 f - a potion of heal wounds {unknown}
 h - a potion of might {unknown}
 i - a potion of resistance {unknown}
 j - 3 potions of curing {unknown}
 m - 3 potions of agility
 o - a potion of flight {unknown}
 w - a potion of lignification {unknown}
Comestibles
 c - 7 rations
 g - 3 chunks of flesh


   Skills:
 + Level 4.9 Fighting
 * Level 7.6 Axes
 + Level 3.5 Armour
 + Level 3.1 Dodging


You had 5 spell levels left.
You didn't know any spells.

Dungeon Overview and Level Annotations

Branches:
Dungeon (4/15)
 Temple: D:4-7

Altars:
Nemelex Xobeh

Annotations:
D:4 Crazy Yiuf


Innate Abilities, Weirdness & Mutations

You reflexively headbutt those who attack you in melee.
You have a pair of horns on your head.


Message History

You closely miss Crazy Yiuf.
Crazy Yiuf is severely wounded.
Crazy Yiuf hits you but does no damage.
You closely miss Crazy Yiuf.
Crazy Yiuf is severely wounded.
Crazy Yiuf hits you but does no damage.
You are electrocuted!
* * * LOW HITPOINT WARNING * * *
You hit Crazy Yiuf. Your headbutt misses Crazy Yiuf.
Crazy Yiuf is severely wounded.
Crazy Yiuf hits you with a quarterstaff of chaos!
* * * LOW HITPOINT WARNING * * *
You are poisoned.
Unknown command.
Your skin crawls.
You feel resistant to hostile enchantments.
You feel somewhat more hungry.
You can no longer call in reinforcements.
You feel sick.
Crazy Yiuf hits you with a quarterstaff of chaos!
You die...

##### #)..#
#...# #.g.#
#@# ♣.♣♣
############
♣♣.♣
#...........
♣.♣♣
#...........
♣♣.♣
#...........
♣♣.♣♣
#..........<
♣♣...♣
#...........
♣....♣
#...........
#....#
#......÷....


You could see Crazy Yiuf.

Vanquished Creatures
  An ogre (D:4)
  A bullfrog (D:2)
  An orc priest (D:3)
  Jessica (D:2)
  A worker ant (D:4)
  4 gnolls (D:2)
  4 adders
  An ooze (D:2)
  2 worms (D:2)
  3 dart slugs
  2 orcs (D:3)
  7 giant cockroaches
  9 goblins
  10 hobgoblins
  4 jackals (D:2)
  A quokka (D:2)
  2 ball pythons
  12 bats
  5 frilled lizards
  10 kobolds
  25 rats
106 creatures vanquished.

Notes
Turn   | Place    | Note
-------+----------+-------------------------------------------
     0 | D:1      | nicolaieve the Minotaur Berserker began the quest for the Orb.
     0 | D:1      | Reached XP level 1. HP: 19/19 MP: 0/0
   188 | D:1      | Reached skill level 4 in Axes
   237 | D:1      | Reached XP level 2. HP: 15/27 MP: 1/1
   447 | D:1      | Reached ** piety under Trog
   447 | D:1      | Reached XP level 3. HP: 15/33 MP: 2/2
   877 | D:2      | Reached skill level 5 in Axes
   918 | D:2      | Noticed a bullfrog
   923 | D:2      | Killed a bullfrog
   923 | D:2      | Reached XP level 4. HP: 30/40 MP: 3/3
   926 | D:2      | Reached skill level 6 in Axes
   928 | D:2      | Reached XP level 5. HP: 36/47 MP: 4/4
   982 | D:2      | Noticed Jessica
   986 | D:2      | Killed Jessica
  1431 | D:2      | Reached *** piety under Trog
  2065 | D:3      | Reached skill level 7 in Axes
  2065 | D:3      | Reached XP level 6. HP: 24/53 MP: 5/5
  2211 | D:3      | Found a sparkling altar of Nemelex Xobeh.
  2434 | D:4      | Reached **** piety under Trog
  2481 | D:4      | Found a runed door.
  2485 | D:4      | Noticed Crazy Yiuf
  2493 | D:4      | Slain by Crazy Yiuf

Skill      XL: |  1  2  3  4  5 |
---------------+----------------+-----
Axes           | 4 5 6 7 |  7.6
Fighting       | 4 |  4.9
Armour         | 3 |  3.5
Dodging        | 3 |  3.1

Action                   |  1- 3 |  4- 6 || total
-------------------------+-------+-------++-------
Melee: Hand axe          |    53 |   135 ||   188
       Headbutt          |    10 |    21 ||    31
Invok: Berserk           |       |     1 ||     1
       Trog's Hand       |       |     1 ||     1
  Use: Scroll            |     4 |       ||     4
  Eat: Chunk             |       |     6 ||     6
Armor: Animal skin       |     5 |       ||     5
       Leather armour    |     7 |       ||     7
       Ring mail         |     2 |    26 ||    28
       Chain mail        |       |    34 ||    34
Dodge: Dodged            |    36 |    76 ||   112
